 Dungeon Crawl Stone Soup version 0.20.1-1-g8b1a95d (webtiles) character file.

3603 Darkyelf the Chopper (level 9, -11/74 HPs)
             Began as a Centaur Abyssal Knight on Nov 14, 2017.
             Was a Priest of Lugonu.
             Mangled by Linguinho's ghost (15 damage)
             ... on level 9 of the Dungeon.
             The game lasted 00:17:19 (12039 turns).

Darkyelf the Chopper (Centaur Abyssal Knight)      Turns: 12039, Time: 00:17:20

Health: -11/74     AC: 11    Str: 15 (17) XL:     9   Next: 86%
Magic:  13/13      EV:  3    Int: 17 (19) God:    Lugonu [***...]
Gold:   552        SH:  0    Dex: 12 (14) Spells: 8/8 levels left

rFire    . . .     SeeInvis +   o - +0 war axe
rCold    . . .     Gourm    .   j - +3 shield
rNeg     . . .     Faith    .   m - +1 chain mail
rPois    .         Spirit   .   (no helmet)
rElec    .         Reflect  .   r - scarf {repulsion}
rCorr    +         Harm     .   q - +0 pair of gloves of Fidupn {MR+ rCorr Int+4} (curse)
MR       +....     Clarity  +   (no barding)
Stlth    ..........             (no amulet)
Regen    0.3/turn               A - +4 ring of intelligence
MPRegen  0.2/turn               y - ring of see invisible

@: confused, repel missiles, very quick
A: hooves 3, agile 1, clarity, deformed body, speed 2, strong 1, tough skin 3
a: Depart the Abyss, Bend Space, Banish, Renounce Religion


You were on level 9 of the Dungeon.
You worshipped Lugonu.
Lugonu was most pleased with you.
You were not hungry.

You visited 1 branch of the dungeon, and saw 9 of its levels.
You visited the Abyss 1 time.

You collected 552 gold pieces.

Inventory:

Hand Weapons
 a - a +1 hand axe
 o - a +0 war axe (weapon)
Missiles
 s - 7 tomahawks (quivered)
Armour
 j - a +3 shield (worn)
 m - a +1 chain mail (worn)
 q - the cursed +0 pair of gloves of Fidupn (worn) {MR+ rCorr Int+4}
   (You found it on level 5 of the Dungeon)

   It affects your intelligence (+4).
   It affects your resistance to hostile enchantments.
   It protects you from acid and corrosion.
   It has a curse placed upon it.
 r - a scarf of repulsion (worn)
Jewellery
 k - an uncursed ring of resist corrosion
 y - a ring of see invisible (right hand)
 A - a +4 ring of intelligence (left hand)
Wands
 p - a wand of confusion (28/48)
 v - a wand of paralysis (11/24)
 x - a wand of flame (20/48)
Scrolls
 f - 3 scrolls of identify
 h - 3 scrolls of remove curse
Potions
 b - 3 potions of brilliance
 g - a potion of resistance
 t - 2 potions of cancellation
 w - a potion of magic {unknown}
 z - a potion of ambrosia
Books
 u - a book of Geomancy

   Spells                             Type                      Level
   a - Sandblast                      Earth                        1
   b - Passwall                       Transmutation/Earth          2
   c - Stone Arrow                    Conjuration/Earth            3
   d - Petrify                        Transmutation/Earth          4
   e - Lee's Rapid Deconstruction     Earth                        5
Comestibles
 c - a bread ration
 d - 3 fruits
 i - 5 meat rations
 l - a royal jelly


   Skills:
 + Level 5.6 Fighting
 + Level 7.4 Axes
 + Level 0.2 Throwing
 * Level 6.2 Armour
 + Level 2.3 Dodging
 + Level 1.9 Shields
 * Level 6.5 Invocations


You had 8 spell levels left.
You didn't know any spells.

Dungeon Overview and Level Annotations

Branches:
Dungeon (9/15)             Temple (0/1) D:7
   Lair: D:8-11         Orc: D:9-12

Altars:
Kikubaaqudgha
Makhleb
Qazlal
Ru
Sif Muna
Trog
Uskayaw
Vehumet
Yredelemnul

Shops:
D:7 (

Annotations:
D:9 Linguinho's ghost, journeyman TrHu
Abyss:1 Joseph


Innate Abilities, Weirdness & Mutations

You have hooves in place of feet.
Armour fits poorly on your strangely shaped body.
You cover ground very quickly.
You have extremely tough skin. (AC +3)
You are agile. (Dex +2)
You possess an exceptional clarity of mind.
Your muscles are strong. (Str +2)


Message History

The orc priest is severely wounded.
You closely miss Linguinho's ghost.
The orc priest hits you but does no damage.
The orc priest hits you with a hand axe.
* * * LOW HITPOINT WARNING * * *
Linguinho's ghost hits you but does no damage.
It was a potion of degeneration.
There was something very wrong with that liquid.
You feel weakened.
You feel dopey.
You feel clumsy.
The orc priest hits you but does no damage. x2
You block Linguinho's ghost's attack.
It was a potion of ambrosia.
You are confused.
You feel invigorated.
The orc priest invokes the aid of Beogh against you.
Beogh smites you!
* * * LOW HITPOINT WARNING * * *
The orc priest hits you but does no damage.
Linguinho's ghost hits you!
You die...

.........#
..........#
..........# #.
..........#####...
.._..............
#........)....._
#......)<.......
#......†).......
#...o@W.........
#...?........[..
.....o............
.......###########
####... #... ...?
.....


You could see 2 orc priests and Linguinho's ghost.

Vanquished Creatures
  Sigmund (D:3)
  Menkaure (D:6)
  A water moccasin (D:7)
  A sky beast (D:7)
  2 orc warriors
  3 black bears
  2 ice beasts (D:7)
  A necrophage (D:8)
  2 phantoms
  3 ogres
  A centaur (D:7)
  2 bullfrogs
  2 scorpions
  A wight (D:6)
  A howler monkey (D:5)
  5 crimson imps
  A centaur zombie (D:6)
  2 jellies
  2 orc priests
  2 bullfrog skeletons (D:5)
  3 hounds
  5 orc wizards
  Jessica (D:3)
  6 worker ants
  A hound zombie (D:6)
  A worker ant zombie (D:7)
  A howler monkey skeleton (D:4)
  10 adders
  6 gnolls
  A shadow imp (D:6)
  An adder zombie (D:6)
  3 worms
  2 dart slugs (D:2)
  4 leopard geckos
  41 orcs
  2 ball pythons
  2 giant cockroaches
  4 hobgoblins
  10 jackals
  5 kobolds
  4 quokkas
  10 bats
  5 frilled lizards
  A giant cockroach zombie (D:6)
  10 goblins
  8 rats
183 creatures vanquished.

Vanquished Creatures (others)
  A troll (D:7)
  A hungry ghost (D:7)
  An orc warrior (D:8)
3 creatures vanquished.

Grand Total: 186 creatures vanquished

Notes
Turn   | Place    | Note
-------+----------+-------------------------------------------
     0 | Abyss:1  | Darkyelf the Centaur Abyssal Knight began the quest for the Orb.
     0 | Abyss:1  | Reached XP level 1. HP: 19/19 MP: 2/2
    61 | Abyss:1  | Noticed a raiju
    73 | Abyss:1  | Noticed a small abomination
    87 | Abyss:1  | Noticed a shadow
    90 | Abyss:1  | Noticed a spatial vortex
   134 | Abyss:1  | Noticed an ancient zyme
   223 | Abyss:2  | Gained mutation: You are partially covered in thin metallic scales. (AC +2) [potion of mutation]
   223 | Abyss:2  | Gained mutation: Your spells are a little easier to cast, but a little less powerful. [potion of mutation]
   223 | Abyss:2  | Gained mutation: You are weak. (Str -2) [potion of mutation]
   223 | Abyss:2  | Gained mutation: You evolve. [potion of mutation]
   246 | Abyss:2  | Noticed a red draconian
   246 | D:1      | Escaped the Abyss
   547 | D:1      | Reached * piety under Lugonu
   630 | D:1      | Reached XP level 2. HP: 16/26 MP: 3/3
  1653 | D:2      | Reached skill level 2 in Axes
  1653 | D:2      | Reached skill level 1 in Dodging
  1653 | D:2      | Reached XP level 3. HP: 12/31 MP: 4/4
  1786 | D:2      | Lost mutation: You are weak. (Str -2) [evolution]
  1902 | D:2      | Lost mutation: Your spells are a little easier to cast, but a little less powerful. [potion of mutation]
  1902 | D:2      | Lost mutation: You are partially covered in thin metallic scales. (AC +2) [potion of mutation]
  1902 | D:2      | Lost mutation: You evolve. [potion of mutation]
  1902 | D:2      | Gained mutation: You are agile. (Dex +2) [potion of mutation]
  1902 | D:2      | Gained mutation: Your muscles are strong. (Str +2) [potion of mutation]
  1902 | D:2      | Gained mutation: You possess an exceptional clarity of mind. [potion of mutation]
  1977 | D:2      | HP: 2/46 [poisoned by an adder]
  2421 | D:2      | Reached ** piety under Lugonu
  2434 | D:2      | Found a sacrificial altar of Ru.
  2457 | D:2      | Reached XP level 4. HP: 37/38 MP: 6/6
  3011 | D:3      | Found a burning altar of Makhleb.
  3135 | D:3      | Reached XP level 5. HP: 43/46 MP: 7/7
  3148 | D:3      | Found a radiant altar of Vehumet.
  3559 | D:3      | Noticed Jessica
  3564 | D:3      | Killed Jessica
  3844 | D:3      | Noticed Sigmund
  3868 | D:3      | Killed Sigmund
  3868 | D:3      | Reached skill level 3 in Axes
  3868 | D:3      | Reached XP level 6. HP: 28/52 MP: 8/8
  5100 | D:4      | Found a basalt altar of Yredelemnul.
  5447 | D:4      | Reached XP level 7. HP: 42/59 MP: 9/9
  6411 | D:5      | Entered Level 5 of the Dungeon
  6428 | D:5      | Reached skill level 4 in Axes
  6459 | D:5      | Got a pair of polished gloves
  6465 | D:5      | Identified the cursed +0 pair of gloves of Fidupn {MR+ rCorr Int+4} (You found it on level 5 of the Dungeon)
  6738 | D:5      | Reached *** piety under Lugonu
  7276 | D:5      | Reached XP level 8. HP: 61/67 MP: 11/11
  7411 | D:5      | Reached skill level 5 in Axes
  7597 | D:6      | Found a radiant altar of Vehumet.
  8077 | D:6      | Reached skill level 5 in Invocations
  8115 | D:6      | Reached **** piety under Lugonu
  8393 | D:6      | Found an ancient bone altar of Kikubaaqudgha.
  8459 | D:6      | Noticed Menkaure
  8464 | D:6      | Killed Menkaure
  8464 | D:6      | Reached skill level 6 in Axes
  9119 | D:7      | Found a deep blue altar of Sif Muna.
  9246 | D:7      | Found a bloodstained altar of Trog.
  9252 | D:7      | Reached skill level 5 in Armour
  9252 | D:7      | Reached XP level 9. HP: 65/73 MP: 13/13
  9498 | D:7      | Reached skill level 5 in Fighting
  9498 | D:7      | Reached skill level 1 in Shields
 10383 | D:7      | Found Joag's Weapon Shoppe.
 10467 | D:7      | Noticed Joseph
 10477 | D:7      | Reached skill level 7 in Axes
 10484 | D:7      | Banished Joseph
 10966 | D:7      | Found a staircase to the Ecumenical Temple.
 11130 | D:7      | Noticed a troll
 11142 | D:7      | Banished a troll
 11774 | D:8      | Noticed a two-headed ogre
 11775 | D:8      | Noticed a two-headed ogre
 12021 | D:9      | Found a hide-covered altar of Uskayaw.
 12021 | D:9      | Found a stormy altar of Qazlal.
 12028 | D:9      | Noticed Linguinho's ghost (journeyman TrHu)
 12039 | D:9      | Mangled by Linguinho's ghost

Skill      XL: |  1  2  3  4  5  6  7  8  9 |
---------------+----------------------------+-----
Axes           | 2 3 4 6 7 |  7.4
Dodging        | 1 2 |  2.3
Armour         | 2 3 4 5 6 |  6.2
Invocations    | 3 4 5 6 |  6.5
Fighting       | 4 5 |  5.6
Shields        | 1 |  1.9
Throwing       | |  0.2

Action                   |  1- 3 |  4- 6 |  7- 9 || total
-------------------------+-------+-------+-------++-------
Melee: Hand axe          |   104 |    56 |       ||   160
       Kick              |    21 |    37 |   121 ||   179
       War axe           |       |    86 |   407 ||   493
Throw: Tomahawk          |       |       |     3 ||     3
Invok: Depart the Abyss  |     1 |       |       ||     1
       Banish            |       |       |     5 ||     5
       Bend Space        |       |       |     2 ||     2
Evoke: Wand              |       |       |     1 ||     1
  Use: Potion            |     3 |     2 |     5 ||    10
       Scroll            |       |     3 |    12 ||    15
  Eat: Chunk             |     4 |     7 |    15 ||    26
       Bread ration      |       |       |     2 ||     2
       Fruit             |       |       |     2 ||     2
Armor: Leather armour    |    83 |     3 |       ||    86
       Skin              |     4 |     6 |       ||    10
       Chain mail        |       |    78 |   259 ||   337
Dodge: Dodged            |    87 |    43 |    62 ||   192
       Deflected         |       |       |     1 ||     1
Block: Shield            |       |       |   167 ||   167
